 Dungeon Crawl Stone Soup version 0.16.1-11-g651b585 (webtiles) character file.

175 LuckyCent the Ruffian (level 5, -2/53 HPs)
             Began as a Troll Monk on Apr 4, 2015.
             Was a Believer of Yredelemnul.
             Slain by Grinder (6 damage)
             ... on level 4 of the Dungeon.
             The game lasted 00:13:45 (1765 turns).

LuckyCent the Ruffian (Troll Monk)                  Turns: 1765, Time: 00:13:58

Health: -2/53      AC:  5    Str: 20    XL:     5   Next: 29%
Magic:  2/2        EV: 11    Int:  6    God:    Yredelemnul [**....]
Gold:   86         SH:  0    Dex: 12    Spells: 0 memorised, 4 levels left

rFire  . . .     SeeInvis .       - Unarmed
rCold  . . .     Clarity  .     a - +0 robe
rNeg   . . .     SustAb   .     (shield restricted)
rPois  .         Gourm    +     (helmet restricted)
rElec  .         Spirit   .     (no cloak)
rCorr  .         Warding  .     (gloves unavailable)
rMut   .         Stasis   .     (boots unavailable)
MR     +....                    (no amulet)
Stlth  +.........               (no ring)
                                r - ring of protection from magic

@: somewhat resistant to hostile enchantments, very unstealthy
A: unfitting armour, claws 3, fast metabolism 3, gourmand, regeneration 2,
shaggy fur 1, tough skin 2
a: Animate Remains, Recall Undead Slaves, Injury Mirror, Renounce Religion


You were on level 4 of the Dungeon.
You worshipped Yredelemnul.
Yredelemnul was pleased with you.
You were not hungry.

You visited 1 branch of the dungeon, and saw 4 of its levels.

You collected 86 gold pieces.

Inventory:

Armour
 a - a +0 robe (worn)
Jewellery
 r - a ring of protection from magic (left claw)
Magical devices
 q - a wand of teleportation (3)
Scrolls
 c - 3 scrolls of recharging {unknown}
 d - a scroll of noise {unknown}
 e - a scroll of enchant armour {unknown}
 f - 3 scrolls of teleportation {unknown}
 g - 3 scrolls of remove curse {unknown}
 h - a scroll of blinking {unknown}
 p - 6 scrolls of identify {unknown}
Potions
 i - a potion of mutation {unknown}
 j - a potion of agility
 k - a potion of flight {unknown}
 l - 4 potions of curing {unknown}
 m - 2 potions of magic {unknown}
 o - a potion of heal wounds {unknown}
 u - a potion of cancellation {unknown}
Books
 s - a book of Hinderance

   Spells                             Type                      Level
   a - Confusing Touch                Hexes                        2
   b - Confuse                        Hexes                        3
   c - Petrify                        Transmutation/Earth          4
   d - Metabolic Englaciation         Hexes/Ice                    5
   e - Gell's Gravitas                Hexes/Translocation          5
   f - Summon Mana Viper              Hexes/Summoning              5
Comestibles
 n - 2 beef jerkies
 t - a meat ration


   Skills:
 + Level 3.1 Fighting
 + Level 3.6 Dodging
 + Level 1.4 Stealth
 + Level 4.9 Unarmed Combat


You had 4 spell levels left.
You didn't know any spells.

Dungeon Overview and Level Annotations

Branches:
Dungeon (4/15)
 Temple: D:4-7

Altars:
Cheibriados
Makhleb
Yredelemnul

Annotations:
D:2 Sigmund
D:4 Grinder


Innate Abilities, Weirdness & Mutations

You are too large for most types of armour.
You have claws for hands.
Your metabolism is lightning-fast.
You like to eat raw meat.
You heal very quickly.
You are covered in fur (AC +1).
You have very tough skin (AC +2).


Message History

Pain shoots through your body!
You barely miss Grinder.
Grinder is moderately wounded.
Grinder says, "I used to sell toenails on the black market."
Grinder hits you!
You writhe in agony.
You writhe in agony.
You barely miss Grinder.
Grinder is moderately wounded.
Grinder hits you.
You writhe in agony.
The phantom blinks!
You closely miss the phantom. Grinder hits you!
* * * LOW HITPOINT WARNING * * *
You writhe in agony.
* * * LOW HITPOINT WARNING * * *
The phantom hits you but does no damage.
You claw the phantom!
The phantom is moderately damaged.
Grinder hits you!
* * * LOW HITPOINT WARNING * * *
You writhe in agony.
You die...
Your body rises from the dead as a mindless zombie.

#####...#
##...##
#.......#
##+##
#.###...#
#.# #####
#.# #.#
#### #.#
....#
#W#.....#
#@5..#
###....(#
......
#####


You could see Grinder and a phantom.

Vanquished Creatures
  A hound (D:3)
  Terence (D:2)
  Robin (D:3)
  5 adders
  A worm (D:2)
  3 giant geckos
  5 orcs (D:3)
  8 bats
  3 giant cockroaches
  15 goblins
  9 hobgoblins
  4 giant newts
  8 kobolds
  5 rats
69 creatures vanquished.

Notes
Turn   | Place    | Note
--------------------------------------------------------------
     0 | D:1      | LuckyCent, the Troll Monk, began the quest for the Orb.
     0 | D:1      | Reached XP level 1. HP: 22/22 MP: 1/1
   408 | D:1      | Reached XP level 2. HP: 25/29 MP: 1/1
   701 | D:2      | Reached XP level 3. HP: 33/36 MP: 2/2
   732 | D:2      | Noticed Terence
   745 | D:2      | Killed Terence
   799 | D:2      | Noticed Sigmund
  1158 | D:3      | Reached XP level 4. HP: 44/44 MP: 2/2
  1231 | D:3      | Noticed Robin
  1294 | D:3      | Reached XP level 5. HP: 53/53 MP: 2/2
  1299 | D:3      | Killed Robin
  1351 | D:3      | Found a basalt altar of Yredelemnul.
  1353 | D:3      | Found a snail-covered altar of Cheibriados.
  1355 | D:3      | Found a burning altar of Makhleb.
  1369 | D:3      | Became a worshipper of Yredelemnul the Dark
  1369 | D:3      | Acquired Yredelemnul's first power
  1369 | D:3      | Acquired Yredelemnul's second power
  1756 | D:4      | Noticed Grinder
  1756 | D:4      | Noticed a phantom
  1765 | D:4      | Slain by Grinder

Action                   |  1- 3 |  4- 6 || total
-------------------------+-------+-------++-------
Melee: Unarmed           |    73 |    83 ||   156
 Stab: Sleeping          |     2 |       ||     2
  Eat: Meat ration       |     1 |     1 ||     2
       Pizza             |     1 |       ||     1
       Bread ration      |       |     1 ||     1
